 Dungeon Crawl Stone Soup version 0.28-a0-384-g9e0c098162 (webtiles) character file.

Game seed: 11597711844258647373

54 dar the Grave Robber (level 3, 0/20 HPs)
             Began as a Vampire Necromancer on Sept 3, 2021.
             Slain by Terence (1 damage)
             ... on level 2 of the Dungeon.
             The game lasted 00:08:33 (2309 turns).

dar the Grave Robber (Vampire Necromancer)          Turns: 2309, Time: 00:08:35

Health: 0/20       AC:  6    Str:  5 (7)  XL:     3   Next: 66%
Magic:  1/7        EV: 10    Int: 16 (18) God:
Gold:   13         SH:  3    Dex: 12 (14) Spells: 3/7 levels left

rFire   . . .      SeeInvis +   e - +0 dagger
rCold   + + .      Faith    .   f - +0 buckler
rNeg    + + +      Spirit   .   c - +0 leather armour
rPois   ∞          Reflect  .   (no helmet)
rElec   .          Harm     .   (no cloak)
rCorr   .          Rampage  .   (no gloves)
Will    .....                   n - +2 pair of boots {Stlth+}
Stlth   +++++.....              (no amulet)
HPRegen 0.00/turn               (no ring)
MPRegen 0.10/turn               (no ring)

@: bloodless, inhibited regen
A: bloodless, fangs 3, see invisible, vampiric 2
a: Bat Form, Revivify


You were on level 2 of the Dungeon.
You visited 1 branch of the dungeon, and saw 2 of its levels.

You collected 13 gold pieces.

Inventory:

Hand Weapons
 e - a +0 dagger (weapon)
Missiles
 i - 16 poisoned darts
Armour
 c - a +0 leather armour (worn)
 f - a +0 buckler (worn)
 n - a +2 pair of boots of stealth (worn)
Jewellery
 g - a ring of positive energy
Scrolls
 a - a scroll of silence
 b - a scroll of identify
 j - a scroll of immolation {unknown}
 k - a scroll of blinking {unknown}
 m - 2 scrolls of fear {unknown}
Potions
 d - 2 potions of curing
 h - a potion of flight {unknown}
 l - a potion of lignification {unknown}


   Skills:
 + Level 0.7 Fighting
 + Level 0.3 Armour
 + Level 2.6 Dodging
 + Level 3.5 Stealth
 * Level 2.7 Spellcasting
 + Level 4.7 Necromancy


You had 3 spell levels left.
You knew the following spells:

 Your Spells              Type           Power      Damage    Failure   Level
a - Pain                  Necr           68%        1d7       8%          1
b - Vampiric Draining     Necr           8%         2d7       22%         3

Your spell library contained the following spells:

 Spells                   Type           Power      Damage    Failure   Level
 Animate Skeleton         Necr           34%        N/A       8%          1
 Animate Dead             Necr           8%         N/A       58%         4
 Agony                    Necr           17%        N/A       91%         5


Dungeon Overview and Level Annotations

Branches:
Dungeon (2/15)

Altars:

Annotations:
D:2 Terence


Innate Abilities, Weirdness & Mutations

You do not regenerate when monsters are visible.
You are frail without blood (-20% HP).
You can heal yourself when you bite living creatures.
You are immune to poison.
You have razor-sharp teeth.
You have supernaturally acute eyesight. (SInv)
You are afflicted with vampirism and can become a bat while bloodless.


Message History

Terence shouts!
Terence writhes in agony.
You miscast Pain.
You are very lightly contaminated with residual magic.
Nothing appears to happen.
Terence writhes in agony.
Your magical contamination has completely faded away.
Terence barely resists.
You hit Terence but do no damage.
Terence is moderately wounded.
You block Terence's attack.
You barely miss Terence. You bite Terence, but do no damage.
Terence is moderately wounded.
Terence hits you with a +2 vorpal mace.
You hit Terence but do no damage.
Terence is moderately wounded.
Terence closely misses you.
You hit Terence but do no damage.
Terence is moderately wounded.
Terence barely misses you.
You closely miss Terence.
Terence is moderately wounded.
Terence closely misses you.
You hit Terence but do no damage.
Terence is moderately wounded.
You block Terence's attack.
You hit Terence but do no damage.
Terence is moderately wounded.
Terence hits you with a +2 vorpal mace. Terence hits you with a +2 vorpal mace!
* * * LOW HITPOINT WARNING * * *
Casting: Pain (safe; 8% risk of failure)
Confirm with . or Enter, or press ? or * to list all spells.
The spell is extremely dangerous to cast (22% risk of failure)!
Continue anyway?
Aiming: Vampiric Draining (extremely dangerous; 22% risk of failure)
Press: ? - help, Shift-Dir - straight line, f/p - Terence
Aim: Terence, wielding a +2 vorpal mace and wearing a +0 chain mail (lightly wounded)
You draw life force from Terence.
You feel life coursing into your body. Terence hits you with a +2 vorpal mace!
* * * LOW HITPOINT WARNING * * *
You die...

#.......# #..##.#..###.
#.#####.# #.....#..# #.
######.......#### ##.####..#
## #.......#.......# #.####..#
##.#.............#####.......#
##.#.##...###.......#######.##
.....##.......##.##.# #...#
##.####.......##@##.# #...####
...####.#.###.##@##.# #.......
#.........#
#.##.##.######...##..
..###.....#
#.##.##.##........... ..#
#.....# #....................
..# #.....#
####.#####........... ..#
#.....# #.# #####.#..... .##
####### #.## ##.###.#.. .#
#..# #.## ##.## ############
##.# ##.###.##


You could see Terence.

Vanquished Creatures
  2 adders (D:2)
  A dart slug (D:2)
  4 endoplasms
  3 goblins
  6 hobgoblins
  5 kobolds
  A quokka (D:2)
  A ball python (D:2)
  A bat (D:1)
  3 frilled lizards
  4 rats
31 creatures vanquished.

Notes
Turn   | Place    | Note
-------+----------+-------------------------------------------
     0 | D:1      | dar the Vampire Necromancer began the quest for the Orb.
     0 | D:1      | Reached XP level 1. HP: 13/13 MP: 3/3
   270 | D:1      | Reached XP level 2. HP: 18/19 MP: 3/5
  1219 | D:2      | Gained mutation: You are afflicted with vampirism and can
                  | become a bat while bloodless. [Vampire growth]
  1219 | D:2      | Reached XP level 3. HP: 20/25 MP: 0/6
  1317 | D:2      | Noticed Terence
  2209 | D:2      | Learned a level 3 spell: Vampiric Draining
  2309 | D:2      | HP: 1/20 [Terence (7)]
  2309 | D:2      | Slain by Terence

Illustrated notes

Levels and vault maps discovered:
D:1:      minmay_arrival_four_circles, layout_loops_ring
D:2:      layout_loops_cross, ebering_ecumenical_altar_webs,
          uniq_crazy_yiuf_cottage, uniq_robin, uniq_terence

Action                   || total
-------------------------++-------
Melee: Dagger            ||    26
       Bite              ||     2
 Cast: Pain              ||    76
       Vampiric Draining ||     1
 Abil: End Transformatio ||     1
       Bat Form          ||     1
       Exsanguinate      ||     1
  Use: Scroll            ||     2
Armor: Leather armour    ||     4
Dodge: Dodged            ||    15
Block: Buckler           ||     5

Table legend: (Time is in decaauts)
 A = Elapsed time spent in this place.
 B = Non-inter-level travel time spent in this place.
 C = Inter-level travel time spent in this place.
 D = Time resting spent in this place.
 E = Time spent auto-exploring this place.
 F = Levels seen in this place.
 G = Mean time per level.
                   A        B        C        D        E       F      G
               +--------+--------+--------+--------+--------+-----+--------+
         Total |   2306 |   2281 |     25 |    580 |   1149 |   2 | 1153.0 |
       Dungeon |   2306 |   2281 |     25 |    580 |   1149 |   2 | 1153.0 |
               +--------+--------+--------+--------+--------+-----+--------+

Top non-repeatable levels by time:
     D:2: 1217 daAuts
     D:1: 1089 daAuts
